 Dungeon Crawl Stone Soup version 0.24.0-13-gcf9b319 (webtiles) character file.

Game seed: 1757354291250938312, levelgen mode: deterministic

73 Bronimir the Chiller (level 4, -4/21 HPs)
             Began as a Vine Stalker Ice Elementalist on Mar 31, 2020.
             Shot with an arrow by a centaur (8 damage)
             ... on level 3 of the Dungeon.
             The game lasted 00:07:07 (2595 turns).

Bronimir the Chiller (VSIE)                         Turns: 2595, Time: 00:07:07

Health: -4/21      AC:  5    Str: 11 (12) XL:     4   Next: 27%
Magic:  0/9        EV: 11    Int: 12 (15) God:
Gold:   131        SH:  3    Dex: 13 (14) Spells: 3/9 levels left

rFire    . . .     SeeInvis .   a - +1 spear (freeze)
rCold    . . .     Gourm    .   r - +0 buckler
rNeg     . . .     Faith    .   p - +0 robe
rPois    .         Spirit   +   (no helmet)
rElec    .         Reflect  .   (no cloak)
rCorr    .         Harm     .   d - +2 pair of gloves
MR       +....                  (no boots)
Stlth    +++.......             (no amulet)
HPRegen  0.47/turn              e - ring of stealth
MPRegen  0.11/turn              q - ring of protection from magic

@: no status effects
A: fangs 2, regeneration 1, magic shield, antimagic bite, no potion heal 3, rot
immunity
a: no special abilities


You were on level 3 of the Dungeon.
You were not hungry.

You visited 1 branch of the dungeon, and saw 3 of its levels.

You collected 131 gold pieces.

Inventory:

Hand Weapons
 a - a +1 spear of freezing (weapon)
 b - a +0 hunting sling
 i - a +0 mace
Missiles
 g - 53 arrows
 k - 20 poisoned darts (quivered)
 l - 17 sling bullets
 n - 15 bolts
 x - 87 stones
Armour
 d - a +2 pair of gloves (worn)
 h - a +0 ring mail
 p - a +0 robe (worn)
 r - a +0 buckler (worn)
Jewellery
 e - a ring of stealth (left hand)
 q - a ring of protection from magic (right hand)
Scrolls
 f - a scroll of identify {unknown}
 j - 2 scrolls of enchant armour {unknown}
 m - a scroll of remove curse {unknown}
 t - a scroll of teleportation {unknown}
 u - a scroll of magic mapping {unknown}
 v - a scroll of fear {unknown}
 w - a scroll of amnesia {unknown}
 y - a scroll of random uselessness {unknown}
Potions
 s - a potion of degeneration
 A - a potion of haste {unknown}
Comestibles
 c - 4 rations
 z - a chunk of flesh


   Skills:
 + Level 0.7 Polearms
 * Level 0.2 Armour
 + Level 1.8 Dodging
 - Level 2.4 Stealth
 * Level 0.1 Shields
 * Level 3.1 Spellcasting
 + Level 1.0 Conjurations
 * Level 3.9 Ice Magic


You had 3 spell levels left.
You knew the following spells:

 Your Spells              Type           Power        Failure   Level  Hunger
a - Freeze                Ice            ##..         8%          1    #......
b - Throw Frost           Conj/Ice       #.....       22%         2    ###....
c - Ozocubu's Armour      Chrm/Ice       #.......     45%         3    ###....

Your spell library contained the following spells:

 Spells                   Type           Power        Failure   Level  Hunger
 Throw Icicle             Conj/Ice       #.......     80%         4    #####..
 Summon Ice Beast         Ice/Summ       #.......     86%         4    #####..


Dungeon Overview and Level Annotations

Branches:
Dungeon (3/15)

Altars:
Dithmenos


Innate Abilities, Weirdness & Mutations

You have extremely sharp teeth.
Your natural rate of healing is unusually fast.
When hurt, damage is shared between your health and your magic reserves.
Your bite disrupts and absorbs the magic of your enemies.
Potions cannot restore your health.
You are immune to rotting.


Message History

The arrow hits you.
Found a ration.
There is a stone staircase leading down here.
You see here an arrow.
The centaur shoots an arrow.
The arrow hits you!
You see here an arrow.
The centaur shoots an arrow.
The arrow hits you.
You see here an arrow.
Casting: Freeze (safe; 6% risk of failure)
Confirm with . or Enter, or press ? or * to list all spells.
You don't have enough magic to cast that spell.
It was a potion of curing.
That felt strangely inert.
The centaur shoots an arrow.
You block the arrow.
The centaur shoots an arrow.
The arrow hits you.
* * * LOW HITPOINT WARNING * * *
It was a potion of degeneration.
There was something very wrong with that liquid.
You feel weakened.
You feel dopey.
You feel clumsy.
The centaur shoots an arrow.
The arrow hits you!
You die...

####..%.#
#.......#
#.......#
#.......
###.....
#.....######
#......c....
###>(@.).....
#......##.###
#.#....#
#.#.....#
#.#.....#
#####.#.....#
#.....#.###+#
#.#####.. #.#
..


You could see a centaur.

Vanquished Creatures
  3 adders
  A worm (D:2)
  A leopard gecko (D:1)
  3 ball pythons (D:2)
  9 giant cockroaches
  3 goblins
  6 hobgoblins (D:1)
  3 kobolds
  3 bats
  4 frilled lizards
  2 rats (D:1)
38 creatures vanquished.

Notes
Turn   | Place    | Note
-------+----------+-------------------------------------------
     0 | D:1      | Bronimir the Vine Stalker Ice Elementalist began the quest
                  | for the Orb.
     0 | D:1      | Reached XP level 1. HP: 9/9 MP: 4/4
   270 | D:1      | Reached XP level 2. HP: 10/13 MP: 1/6
   809 | D:1      | Reached XP level 3. HP: 16/16 MP: 7/7
   813 | D:1      | Learned a level 2 spell: Throw Frost
   817 | D:1      | Learned a level 3 spell: Ozocubu's Armour
  1964 | D:2      | Gained mutation: Your natural rate of healing is unusually
                  | fast. [Vine Stalker growth]
  1964 | D:2      | Reached XP level 4. HP: 19/21 MP: 1/9
  2477 | D:3      | Found a shadowy altar of Dithmenos.
  2590 | D:3      | Noticed a centaur
  2595 | D:3      | Shot with an arrow by a centaur

Levels and vault maps discovered:
D:1:      denvon_arrival_waterhouse, layout_basic, minmay_worlds_worst_comb
D:2:      layout_basic
D:3:      minmay_angry_zag, layout_basic, lemuel_doored_altar, first_ration,
          uniq_jessica, uniq_sigmund

Skill      XL: |  1  2  3  4 |
---------------+-------------+-----
Spellcasting   | 3 |  3.1
Polearms       | |  0.7
Armour         | |  0.2
Dodging        | |  1.8
Stealth        | |  2.4
Shields        | |  0.1
Conjurations   | |  1.0
Ice Magic      | |  3.9

Action                   |  1- 3 |  4- 6 || total
-------------------------+-------+-------++-------
Melee: Unarmed           |    26 |       ||    26
       Bite              |    15 |     1 ||    16
       Spear             |    67 |     4 ||    71
       Mace              |     2 |       ||     2
Throw: Dart              |     6 |     1 ||     7
 Cast: Freeze            |    20 |     3 ||    23
       Ozocubu's Armour  |     1 |       ||     1
  Use: Potion            |       |     2 ||     2
 Stab: Sleeping          |    13 |     1 ||    14
  Eat: Chunk             |     4 |     2 ||     6
Armor: Robe              |    28 |       ||    28
Dodge: Dodged            |    59 |     2 ||    61
Block: Buckler           |     8 |     2 ||    10
